 Dungeon Crawl Stone Soup version 0.24-a0-235-g3f03afc (webtiles) character file.

Game seed: 6969908281153553858

843 Partyfoot the Shield-Bearer (level 8, -1/64 HPs)
             Began as a Formicid Fighter on Apr 5, 2019.
             Slain by a killer bee (5 damage)
             ... on level 4 of the Dungeon.
             The game lasted 00:18:48 (4016 turns).

Partyfoot the Shield-Bearer (Formicid Fighter)      Turns: 4016, Time: 00:18:48

Health: -1/64      AC:  8    Str: 20    XL:     8   Next: 20%
Magic:  8/8        EV:  8    Int:  9    God:
Gold:   199        SH: 11    Dex: 16    Spells: 7/7 levels left

rFire    + . .     SeeInvis +   a - +1 quarterstaff
rCold    + . .     Gourm    .   c - +0 shield
rNeg     + . .     Faith    .   b - +0 scale mail
rPois    +         Spirit   .   (helmet unavailable)
rElec    +         Reflect  .   n - scarf {repulsion}
rCorr    +         Harm     .   s - +0 pair of gloves
MR       .....                  (no boots)
Stlth    ..........             (no amulet)
HPRegen  0.20/turn              d - +4 ring of dexterity
MPRegen  0.11/turn              m - ring of positive energy

@: lethally poisoned (-1 -> -14), resistant, repel missiles
A: permanent stasis, dig shafts and tunnels, four strong arms, antennae 3
a: Dig, Shaft Self


You were on level 4 of the Dungeon.
You were not hungry.

You visited 1 branch of the dungeon, and saw 4 of its levels.
You also visited: Sewer.

You collected 199 gold pieces.

Inventory:

Hand Weapons
 a - a +1 quarterstaff (weapon)
 q - a +1 dagger of electrocution
Missiles
 g - 103 stones (quivered)
Armour
 b - a +0 scale mail (worn)
 c - a +0 shield (worn)
 n - a scarf of repulsion (worn)
 s - a +0 pair of gloves (worn)
Jewellery
 d - a +4 ring of dexterity (left hand)
 m - a ring of positive energy (right hand)
 p - an uncursed ring of positive energy
Scrolls
 e - 3 scrolls of magic mapping
 l - 3 scrolls of identify
 u - a scroll of remove curse
Potions
 k - a potion of haste
 r - a potion of heal wounds {unknown}
 t - a potion of brilliance {unknown}
Comestibles
 f - 11 rations


   Skills:
 + Level 5.7 Fighting
 * Level 5.3 Staves
 - Level 5.0 Armour
 + Level 6.4 Shields


You had 7 spell levels left.
You didn't know any spells.
Your spell library contained the following spells:

 Spells                   Type           Power        Failure   Level  Hunger
 Animate Skeleton         Necr           N/A          88%         1    ##.....
 Apportation              Tloc           #.....       88%         1    ##.....
 Confusing Touch          Hex            #.....       88%         1    ##.....
 Summon Small Mammal      Summ           #...         88%         1    ##.....


Dungeon Overview and Level Annotations

Branches:
Dungeon (4/15)
 Temple: D:4-7

Altars:


Innate Abilities, Weirdness & Mutations

You cannot be hasted, slowed, berserked, paralysed or teleported.
You can dig through walls and to a lower floor.
Your four strong arms can wield two-handed weapons with a shield.
You have a pair of large antennae on your head. (SInv)


Message History

You block the killer bee's attack.
The killer bee stings you but does no damage.
The killer bee stings you.
You closely miss the killer bee.
You feel sick. You block the killer bee's attack. x2
The killer bee stings you but does no damage.
The killer bee stings you.
* * * LOW HITPOINT WARNING * * *
You miss the killer bee.
* * * LOW HITPOINT WARNING * * *
You feel sick. The killer bee stings you.
* * * LOW HITPOINT WARNING * * *
The killer bee stings you.
* * * LOW HITPOINT WARNING * * *
You block the killer bee's attack. x2
The killer bee stings you but does no damage.
You miss the killer bee.
* * * LOW HITPOINT WARNING * * *
You feel sick. The killer bee stings you.
You die...

#.................
#.....#.........[#
#................#
#....###..........
#....######......#
####..#................#
............[...........
###...#####.............
.....yy@y.......#......#
#####y###...............
..{{.>.#####.####....
... .....# .##......
......y.... #....#....
.. .....$.# ...###.##. .
..w....# .. #. #.
........ . .. .. .#.###


You could see 4 killer bees.

Vanquished Creatures
  Menkaure (D:4)
  4 big kobolds (Sewer)
  A killer bee (D:4)
  An orc priest (D:3)
  A hound (D:4)
  A bullfrog skeleton (D:4)
  An orc wizard (D:4)
  12 adders
  4 gnolls (D:4)
  A howler monkey skeleton (D:4)
  2 river rats
  2 oozes (Sewer)
  4 worms
  A dart slug (D:2)
  3 leopard geckos (D:3)
  7 orcs
  11 ball pythons
  4 giant cockroaches
  3 goblins
  6 hobgoblins
  A quokka (D:2)
  13 bats
  A frilled lizard (D:2)
  8 kobolds
  16 rats
109 creatures vanquished.

Notes
Turn   | Place    | Note
-------+----------+-------------------------------------------
     0 | D:1      | Partyfoot the Formicid Fighter began the quest for the Orb.
     0 | D:1      | Reached XP level 1. HP: 18/18 MP: 1/1
   231 | D:1      | Reached XP level 2. HP: 23/24 MP: 2/2
   629 | D:2      | Reached skill level 4 in Shields
   629 | D:2      | Reached XP level 3. HP: 30/30 MP: 3/3
  1396 | D:3      | Reached XP level 4. HP: 37/37 MP: 4/4
  1410 | D:3      | Found a faded altar of an unknown god.
  1630 | D:3      | HP: 1/37 [rat (3)]
  1632 | D:3      | Reached XP level 5. HP: 1/42 MP: 5/5
  1709 | D:3      | Found a glowing drain.
  1719 | Sewer    | Entered a sewer
  1931 | Sewer    | Noticed a big kobold
  1947 | Sewer    | Killed a big kobold
  2059 | Sewer    | Reached XP level 6. HP: 49/49 MP: 6/6
  2140 | Sewer    | Reached skill level 5 in Shields
  2488 | Sewer    | Reached XP level 7. HP: 55/55 MP: 7/7
  2525 | Sewer    | Reached skill level 5 in Fighting
  2525 | Sewer    | Reached skill level 5 in Armour
  3665 | D:4      | Reached skill level 6 in Shields
  3697 | D:4      | Noticed Menkaure
  3729 | D:4      | Killed Menkaure
  3729 | D:4      | Reached skill level 5 in Staves
  3729 | D:4      | Reached XP level 8. HP: 18/63 MP: 8/8
  4016 | D:4      | Slain by a killer bee

Levels and vault maps discovered:
D:1:      dpeg_arrival_snail, layout_basic,
          hangedman_abyss_or_decor_lesser_grid, palyth_stone_intersect
D:2:      layout_loops_ring
D:3:      cheibrodos_helix_gallery, layout_basic, portal_sewer_entry_b,
          chequers_ecumenical_altar_simple, hangedman_decor_diamond_cutter,
          wander_ebering_terrifying_dragon_lair
D:4:      layout_rooms, uniq_menkaure
Sewer:    sewer_co_tree

Skill      XL: |  1  2  3  4  5  6  7 |
---------------+----------------------+-----
Shields        | 4 5 6 |  6.4
Fighting       | 4 5 |  5.7
Armour         | 4 5 |  5.0
Staves         | 3 5 |  5.3

Action                   |  1- 3 |  4- 6 |  7- 9 || total
-------------------------+-------+-------+-------++-------
Melee: Quarterstaff      |   102 |   154 |   129 ||   385
Throw: Stone             |     3 |     8 |       ||    11
 Abil: Dig               |       |       |     6 ||     6
  Use: Scroll            |     5 |       |     2 ||     7
       Potion            |       |     1 |     2 ||     3
  Eat: Chunk             |     2 |     4 |     5 ||    11
Armor: Scale mail        |    46 |    69 |    34 ||   149
Dodge: Dodged            |    30 |    44 |    35 ||   109
       Deflected         |       |     1 |       ||     1
Block: Shield            |    57 |   102 |    76 ||   235

Table legend:
 A = Non-vault XP
 B = Vault XP
 C = Vault XP percentage of total XP
 D = Non-vault monster count
 E = Vault monster count
 F = Vault count percentage of total count
                 A         B        C        D         E       F
            +---------+---------+-------+---------+---------+-------
      Total |     447 |     758 |  62.9 |      70 |      39 |  35.8
            +---------+---------+-------+---------+---------+-------
        D:1 |      23 |       0 |   0.0 |      16 |       0 |   0.0
        D:2 |      42 |       0 |   0.0 |      17 |       0 |   0.0
        D:3 |     131 |      40 |  23.4 |      24 |      10 |  29.4
        D:4 |     251 |     175 |  41.1 |      13 |       1 |   7.1
      Sewer |       0 |     543 | 100.0 |       0 |      28 | 100.0
            +---------+---------+-------+---------+---------+-------
